 Dungeon Crawl Stone Soup version 0.18.1-8-gdd0e5ea (webtiles) character file.

923 Jerry the Covert (level 7, 0/46 HPs)
             Began as a Vampire Enchanter on June 8, 2016.
             Slain by a slave (5 damage)
             ... led by Pikel
             ... on level 4 of the Dungeon.
             The game lasted 00:34:23 (5452 turns).

Jerry the Covert (Vampire Enchanter)                Turns: 5452, Time: 00:34:23

Health: 0/46       AC:  4    Str:  8    XL:     7   Next: 84%
Magic:  7/10       EV: 13    Int: 17    God:
Gold:   119        SH:  0    Dex: 16    Spells: 3 memorised, 3 levels left

rFire  . . .     SeeInvis +     n - +2 short sword (elec)
rCold  . . .     Gourm    .     b - +1 robe
rNeg   + . .     Faith    .     (no shield)
rPois  .         Spirit   .     (no helmet)
rElec  .         Dismiss  .     g - +0 cloak
rCorr  .         Reflect  .     (no gloves)
SustAt .         Harm     .     (no boots)
MR     .....                    (no amulet)
Stlth  +++++.....               h - ring of wizardry
                                (no ring)

@: not resistant to hostile enchantments, quite stealthy
A: fangs 3, see invisible, unbreathing
a: Bat Form


You were on level 4 of the Dungeon.
You were not thirsty.

You visited 1 branch of the dungeon, and saw 4 of its levels.

You collected 119 gold pieces.

Inventory:

Hand Weapons
 a - a +1 dagger
 j - a +2 short sword of protection
 n - a +2 short sword of electrocution (weapon)
Missiles
 o - a throwing net (quivered)
Armour
 b - a +1 robe (worn)
 g - a +0 cloak (worn)
Jewellery
 h - a ring of wizardry (right hand)
Scrolls
 e - a scroll of immolation {unknown}
 l - 2 scrolls of teleportation {unknown}
 m - a scroll of identify {unknown}
 q - a scroll of magic mapping {unknown}
 r - a scroll of enchant armour {unknown}
Potions
 d - 7 potions of blood
 f - a potion of agility
 i - a potion of degeneration {unknown}
 k - 2 potions of cancellation {unknown}
 p - a potion of magic {unknown}
 s - a potion of flight {unknown}
Books
 c - a book of Maledictions

   Spells                             Type                      Level
   a - Corona                         Hexes                        1
   b - Ensorcelled Hibernation        Hexes/Ice                    2
   c - Confuse                        Hexes                        3
   d - Tukima's Dance                 Hexes                        3
   e - Dazzling Spray                 Conjuration/Hexes            3


   Skills:
 + Level 6.3 Short Blades
 - Level 2.1 Dodging
 + Level 8.9 Stealth
 - Level 2.0 Spellcasting
 + Level 8.1 Hexes


You had 3 spell levels left.
You knew the following spells:

 Your Spells              Type           Power        Failure   Level  Hunger
a - Corona                Hex            ####...      1%          1    #......
b - Tukima's Dance        Hex            ####....     1%          3    ###....
c - Confuse               Hex            ####....     1%          3    ###....


Dungeon Overview and Level Annotations

Branches:
Dungeon (4/15)
 Temple: D:4-7

Altars:

Annotations:
D:4 Pikel


Innate Abilities, Weirdness & Mutations

You have razor-sharp teeth.
You have supernaturally acute eyesight.
You can survive without breathing.


Message History

The slave hits you!
You hit Pikel but do no damage. Your bite misses Pikel.
Pikel is lightly wounded.
The slave closely misses you. The slave hits you!
* * * LOW HITPOINT WARNING * * *
You catch the helpless Pikel completely off-guard!
You impale Pikel!!
Pikel is severely wounded.
The slave closely misses you. The slave hits you.
* * * LOW HITPOINT WARNING * * *
Pikel says, "Why is everything spinning?"
The slave hits you!
* * * LOW HITPOINT WARNING * * *
The slave barely misses you.
Pikel asks, "Where am I?"
The slave completely misses you.
You see here 16 stones.
You fail to use your ability.
The slave hits you.
You die...

#..............................#.
#.................(.......)....#.
#..............................#.
######............#....###.....#.
###.........................#.
#..................(........#.
#..................#....#...#.
#...........)...........#...#.
###............@p.............#.
#...............p.............#.
#.........##................###.
#.........##................# #.
#.........##..........####### ##
##..................(......####
#...............##...........##
#...............##...........#.
#...............##...........#.


You could see 2 slaves.

Vanquished Creatures
  A dancing weapon (D:4)
  A slave (D:4)
  2 ogres (D:4)
  A howler monkey (D:4)
  An orc priest (D:4)
  2 hounds (D:4)
  4 orc wizards
  Ijyb (D:2)
  An iguana (D:4)
  4 worker ants (D:4)
  A hound skeleton (D:4)
  Robin (D:2)
  2 gnolls (D:3)
  8 adders
  4 worms
  2 dart slugs
  6 giant geckos
  13 orcs
  5 giant cockroaches
  14 goblins
  12 hobgoblins
  11 jackals
  2 quokkas
  A ball python (D:4)
  7 bats
  7 giant newts
  A jackal skeleton (D:3)
  9 kobolds
  7 rats
131 creatures vanquished.

Vanquished Creatures (collateral kills)
  Sigmund (D:2)
  Crazy Yiuf (D:4)
  2 gnolls (D:3)
  A hobgoblin (D:2)
5 creatures vanquished.

Vanquished Creatures (others)
  A dancing weapon (D:4)
1 creature vanquished.

Grand Total: 137 creatures vanquished

Notes
Turn   | Place    | Note
--------------------------------------------------------------
     0 | D:1      | Jerry the Vampire Enchanter began the quest for the Orb.
     0 | D:1      | Reached XP level 1. HP: 13/13 MP: 3/3
   184 | D:1      | Reached XP level 2. HP: 5/19 MP: 3/5
   678 | D:1      | Reached XP level 3. HP: 24/24 MP: 4/6
   781 | D:1      | Learned a level 3 spell: Tukima's Dance
  1250 | D:2      | Reached XP level 4. HP: 30/30 MP: 7/7
  1292 | D:2      | Noticed Sigmund
  1324 | D:2      | HP: 1/30 [Sigmund/puff of flame (6)]
  1326 | D:2      | Killed Sigmund
  1326 | D:2      | Reached skill level 5 in Stealth
  1326 | D:2      | Reached skill level 5 in Hexes
  1326 | D:2      | Reached XP level 5. HP: 1/35 MP: 0/8
  1659 | D:2      | Noticed Ijyb
  1681 | D:2      | Killed Ijyb
  1732 | D:2      | Noticed Robin
  2084 | D:2      | Killed Robin
  2267 | D:2      | Reached XP level 6. HP: 41/41 MP: 9/9
  2731 | D:3      | Reached skill level 5 in Short Blades
  3217 | D:3      | Learned a level 3 spell: Confuse
  4036 | D:4      | Reached XP level 7. HP: 46/46 MP: 0/10
  4990 | D:4      | Noticed Crazy Yiuf
  4995 | D:4      | Killed Crazy Yiuf
  5042 | D:4      | Noticed Pikel
  5421 | D:4      | HP: 1/46 [slave[Pikel] (7)]
  5452 | D:4      | Slain by a slave

Skill      XL: |  1  2  3  4  5  6  7 |
---------------+----------------------+-----
Short Blades   | 2 3 4 5 6 |  6.3
Stealth        | 5 6 7 8 |  8.9
Hexes          | 5 6 7 8 |  8.1
Dodging        | |  2.1
Spellcasting   | |  2.0

Action                   |  1- 3 |  4- 6 |  7- 9 || total
-------------------------+-------+-------+-------++-------
Melee: Dagger            |   170 |   212 |       ||   382
       Bite              |    14 |    18 |     8 ||    40
       Short sword       |       |    74 |    99 ||   173
Throw: Throwing net      |       |     1 |       ||     1
 Cast: Corona            |     8 |     7 |     3 ||    18
       Tukima's Dance    |       |     8 |     9 ||    17
       Confuse           |       |     4 |     5 ||     9
 Abil: End Transformatio |       |     1 |     1 ||     2
       Bat Form          |       |     1 |     1 ||     2
  Use: Potion            |     1 |       |       ||     1
 Stab: Sleeping          |     8 |     5 |     1 ||    14
       Distracted        |       |     1 |       ||     1
       Confused          |       |     2 |     4 ||     6
  Eat: Corpse            |     8 |     9 |     4 ||    21
Armor: Robe              |    38 |    64 |    18 ||   120
Dodge: Dodged            |    87 |   152 |    61 ||   300
